 Dungeon Crawl Stone Soup version 0.18.1-48-g4cf74bf (webtiles) character file.

140 Alarkh the Poker (level 5, -3/38 HPs)
             Began as a Mummy Skald on July 18, 2016.
             Killed by divine providence
             ... invoked by an orc priest
              (14 damage)
             ... on level 3 of the Dungeon.
             The game lasted 00:03:26 (2971 turns).

Alarkh the Poker (Mummy Skald)                      Turns: 2971, Time: 00:03:27

Health: -3/38      AC:  4    Str: 15    XL:     5   Next: 2%
Magic:  4/9        EV: 11    Int: 12    God:
Gold:   151        SH:  0    Dex: 12    Spells: 3 memorised, 3 levels left

rFire  x . .     SeeInvis .     b - +0 dagger (elec)
rCold  + . .     Gourm    .     l - +1 leather armour
rNeg   + + +     Faith    .     (no shield)
rPois  ∞         Spirit   .     (no helmet)
rElec  .         Dismiss  .     (no cloak)
rCorr  .         Reflect  .     (no gloves)
SustAt .         Harm     .     (no boots)
MR     .....                    (no amulet)
Stlth  +.........               (no ring)
                                (no ring)

@: very slightly contaminated, not resistant to hostile enchantments, very
unstealthy
A: no food or potions, fire vulnerability, cold resistance 1, negative energy
resistance 3, torment resistance, unbreathing
a: no special abilities


You were on level 3 of the Dungeon.
You were not hungry.

You visited 1 branch of the dungeon, and saw 3 of its levels.

You collected 151 gold pieces.

Inventory:

Hand Weapons
 a - a +0 spear
 b - a +0 dagger of electrocution (weapon)
 n - a +0 short sword
 o - a +0 halberd
Armour
 l - a +1 leather armour (worn)
Jewellery
 g - an uncursed amulet of harm {unknown}
Wands
 m - a wand of confusion (48/48)
Scrolls
 d - a scroll of fog
 e - a scroll of enchant armour
 f - 3 scrolls of recharging
 h - a scroll of remove curse
 i - a scroll of magic mapping
 j - a scroll of random uselessness {unknown}
 k - a scroll of enchant weapon {unknown}
Books
 c - a book of Battle

   Spells                             Type                      Level
   a - Infusion                       Charms                       1
   b - Shroud of Golubria             Charms/Translocation         2
   c - Song of Slaying                Charms                       2
   d - Spectral Weapon                Hexes/Charms                 3
   e - Regeneration                   Charms/Necromancy            3


   Skills:
 - Level 2.0 Fighting
 * Level 3.3 Polearms
 - Level 0.7 Armour
 - Level 0.7 Dodging
 + Level 2.7 Spellcasting
 + Level 3.2 Charms


You had 3 spell levels left.
You knew the following spells:

 Your Spells              Type           Power        Failure   Level  Hunger
a - Infusion              Chrm           #...         12%         1    N/A
b - Shroud of Golubria    Chrm/Tloc      #.........   28%         2    N/A
c - Spectral Weapon       Hex/Chrm       #.......     56%         3    N/A

Dungeon Overview and Level Annotations

Branches:
Dungeon (3/15)

Altars:
Elyvilon
Qazlal
Trog


Innate Abilities, Weirdness & Mutations

You do not eat or drink.
Your flesh is vulnerable to fire.
You are immune to poison.
Your flesh is cold resistant.
You are immune to negative energy.
You are immune to unholy pain and torment.
You can survive without breathing.


Message History

Your spectral weapon hits the gnoll but does no damage.
You hit the gnoll but do no damage.
There is a sudden explosion of sparks!
You kill the gnoll!
You have reached level 5!
You feel agile. The quokka closely misses you.
You hit the quokka.
The quokka is lightly wounded.
Your spectral weapon hits the quokka.
The quokka closely misses you.
You hit the quokka.
You kill the quokka!
Items here: )) †† a flail; a halberd; a gnoll corpse x2
o - a halberd You swap places.
Your spectral weapon fades away.
An orc priest comes into view. It is wielding a club.
The orc priest mumbles some strange prayers to Beogh against you.
Beogh smites you!
You die...

.... #... #... ##..K ....
#. #####.. #. gg.g...####
#. ##############...# #.
#.........@..#...# #.
##.#####o#.#.#...# #. #.#
#.#.#.#...######.##. #.#
#.#.#.)...'......#..
#.#####.#.###...#########.
#.#....<#.........# #.
#.#.###.#####...#.# #.
#.#...#.#####...#.#######.
#.###.#.##................


You could see an orc priest.

Vanquished Creatures
  An orc wizard (D:3)
  Ijyb (D:2)
  2 gnolls (D:3)
  2 oozes
  3 worms (D:2)
  A giant gecko (D:2)
  3 orcs (D:3)
  5 bats
  2 giant cockroaches
  4 goblins
  5 hobgoblins
  5 kobolds
  A quokka (D:3)
  10 rats
45 creatures vanquished.

Notes
Turn   | Place    | Note
--------------------------------------------------------------
     0 | D:1      | Alarkh the Mummy Skald began the quest for the Orb.
     0 | D:1      | Reached XP level 1. HP: 16/16 MP: 3/3
   203 | D:1      | Reached XP level 2. HP: 15/22 MP: 5/5
   975 | D:2      | Found a stormy altar of Qazlal.
  1409 | D:2      | Noticed Ijyb
  1417 | D:2      | Killed Ijyb
  1417 | D:2      | Reached XP level 3. HP: 26/27 MP: 6/6
  1421 | D:2      | Learned a level 2 spell: Shroud of Golubria
  1425 | D:2      | Learned a level 3 spell: Spectral Weapon
  1855 | D:2      | Reached XP level 4. HP: 33/33 MP: 5/7
  1871 | D:2      | Noticed a moth of wrath
  1874 | D:2      | Found a bloodstained altar of Trog.
  2724 | D:3      | Found a white marble altar of Elyvilon.
  2962 | D:3      | Reached XP level 5. HP: 10/38 MP: 3/9
  2971 | D:3      | Killed from afar by an orc priest

Skill      XL: |  1  2  3  4 |
---------------+-------------+-----
Polearms       | 2 3 |  3.3
Charms         | 3 |  3.2
Fighting       | |  2.0
Armour         | |  0.7
Dodging        | |  0.7
Spellcasting   | |  2.7

Action                   |  1- 3 |  4- 6 || total
-------------------------+-------+-------++-------
Melee: Spear             |    65 |       ||    65
       Dagger            |    37 |    62 ||    99
 Cast: Infusion          |    11 |     1 ||    12
       Spectral Weapon   |     1 |     5 ||     6
  Use: Scroll            |       |     6 ||     6
Armor: Leather armour    |    19 |    12 ||    31
Dodge: Dodged            |    52 |    17 ||    69
